 Dungeon Crawl Stone Soup version 0.17-a0-1324-ga541562 (webtiles) character file.

6 ololoev the Stinger (level 1, -1/13 HPs)
             Began as a Mummy Venom Mage on June 9, 2015.
             Slain by a jackal (2 damage)
             ... on level 1 of the Dungeon.
             The game lasted 00:02:10 (185 turns).

ololoev the Stinger (Mummy Venom Mage)               Turns: 185, Time: 00:02:10

Health: -1/13      AC:  2    Str: 11    XL:     1   Next: 75%
Magic:  0/3        EV: 12    Int: 14    God:
Gold:   9          SH:  0    Dex: 12    Spells: 1 memorised, 3 levels left

rFire  x . .     SeeInvis .     (no weapon)
rCold  + . .     Clarity  .     a - +0 robe
rNeg   + + +     SustAt   .     (no shield)
rPois  ∞         Gourm    .     (no helmet)
rElec  .         Spirit   .     (no cloak)
rCorr  .         Warding  .     (no gloves)
rMut   .         Stasis   .     (no boots)
MR     .....                    (no amulet)
Stlth  ++........               (no ring)
                                (no ring)

@: very slightly contaminated, not resistant to hostile enchantments, unstealthy
A: no food or potions, fire vulnerability, cold resistance 1, negative energy
resistance 3, torment resistance, unbreathing
a: no special abilities


Innate Abilities, Weirdness & Mutations

You do not eat or drink.
Your flesh is vulnerable to fire.
You are immune to poison.
Your flesh is cold resistant.
You are immune to negative energy.
You are immune to unholy pain and torment.
You can survive without breathing.

Inventory:

Armour
 a - a +0 robe (worn)
Books
 b - a Young Poisoner's Handbook

   Spells                             Type                      Level
   a - Sting                          Conjuration/Poison           1
   b - Cure Poison                    Poison                       2
   c - Mephitic Cloud                 Conjuration/Poison/Air       3
   d - Olgreb's Toxic Radiance        Poison                       4
   e - Venom Bolt                     Conjuration/Poison           5


   Skills:
 - Level 1.5 Dodging
 - Level 1.5 Stealth
 + Level 2.2 Spellcasting
 * Level 3.4 Poison Magic


You had 3 spell levels left.
You knew the following spells:

 Your Spells              Type           Power        Failure   Level  Hunger
a - Sting                 Conj/Pois      #...         14%         1    N/A


You were on level 1 of the Dungeon.
You were not hungry.

You visited 1 branch of the dungeon, and saw 1 of its levels.

You collected 9 gold pieces.

...≈≈ ...≈≈≈≈§≈.≈≈≈≈≈..
...≈.≈≈≈§≈≈≈≈≈≈..
...≈≈≈≈≈≈≈≈≈≈≈..
.≈..≈≈§§≈§≈≈≈..##+
....≈§§§≈≈§≈...##.##
....≈≈§≈≈≈≈....##..#
....≈≈§§≈≈.....###†#########
.....≈§§§≈......@hh...).....
.....≈≈≈≈≈...≈.####.####.#.#
.....≈§≈≈...≈≈≈# #..#
.....≈≈≈≈...(≈≈# ##.#
......≈≈.......# ..
..............## #.#
####..........# ..
#..........# #.#
############

Notes
Turn   | Place    | Note
--------------------------------------------------------------
     0 | D:1      | ololoev the Mummy Venom Mage began the quest for the Orb.
     0 | D:1      | Reached XP level 1. HP: 13/13 MP: 3/3
   185 | D:1      | Slain by a jackal

Dungeon Overview and Level Annotations

Branches:
Dungeon (1/15)

Altars:


Message History

You closely miss the jackal.
The jackal bites you but does no damage.
The jackal barks!
You hit the jackal.
The jackal is moderately wounded.
The jackal barely misses you.
You hit the jackal but do no damage.
The jackal is moderately wounded.
The jackal closely misses you. x2
You closely miss the jackal.
The jackal is moderately wounded.
The jackal bites you.
Read which item? (? for menu, Esc to quit)
As you read the scroll labeled YTEB VEGACUVU, it crumbles to dust.
Forget which spell ([?*] list [ESC] exit)?
Forget which spell ([?*] list [ESC] exit)?
Okay, then.
It was a scroll of amnesia.
The jackal closely misses you. The jackal bites you.
You can't drink.
Casting: Sting
Confirm with . or Enter, or press ? or * to list all spells.
Aiming: Sting
Press: ? - help, Shift-Dir - straight line, f - jackal
Aim: a jackal (moderately wounded)
The sting hits the jackal.
The jackal is poisoned.
The jackal is heavily wounded.
The jackal closely misses you. The jackal bites you.
You see here a giant newt corpse.
You kill the jackal!
The jackal bites you.
You see here a stone.
You hit the jackal but do no damage. The jackal closely misses you.
You completely miss the jackal. The jackal closely misses you.
You hit the jackal but do no damage. The jackal misses you.
The jackal misses you.
You barely miss the jackal. The jackal barely misses you.
You completely miss the jackal. The jackal misses you. The jackal bites you.
You die...

You could see 2 jackals.

Vanquished Creatures
  A bat (D:1)
  A giant newt (D:1)
  A goblin (D:1)
  2 jackals (D:1)
  2 kobolds (D:1)
  A rat (D:1)
8 creatures vanquished.

Action                   || total
-------------------------++-------
Melee: Unarmed           ||    11
 Cast: Sting             ||     8
  Use: Scroll            ||     1

Vault maps used:
D:1:      elethiomel_arrival_infinity_welcomes_careful_drivers, grunt_decor_cap,
          lemuel_old_faithful
